 Dungeon Crawl Stone Soup version 0.22.0-21-g8bd1b0a (webtiles) character file.

192 Lew the Covered (level 5, -2/33 HPs)
             Began as a Gargoyle Fighter on Aug 19, 2018.
             Slain by an orc warrior
             ... wielding a +2 short sword of protection
              (17 damage)
             ... on level 3 of the Dungeon.
             The game lasted 00:05:05 (3066 turns).

Lew the Covered (Gargoyle Fighter)                  Turns: 3066, Time: 00:05:05

Health: -2/33      AC: 12    Str: 24 (25) XL:     5   Next: 71%
Magic:  5/5        EV:  7    Int:  8 (9)  God:
Gold:   127        SH:  9    Dex:  8 (9)  Spells: 4/4 levels left

rFire    . . .     SeeInvis .   a - +1 flail
rCold    . . .     Gourm    .   c - +0 shield
rNeg     + . .     Faith    .   b - +0 scale mail
rPois    ∞         Spirit   .   (no helmet)
rElec    +         Reflect  .   (no cloak)
rCorr    .         Harm     .   (no gloves)
MR       .....                  h - +0 pair of boots
Stlth    +.........             (no amulet)
HPRegen  0.11/turn              l - ring of stealth
MPRegen  0.09/turn              (no ring)

@: mighty
A: negative energy resistance 1, electricity resistance, unbreathing,
petrification resistance, rot immunity, AC +4
a: no special abilities


You were on level 3 of the Dungeon.
You were hungry.

You visited 1 branch of the dungeon, and saw 3 of its levels.

You collected 127 gold pieces.

Inventory:

Hand Weapons
 a - a +1 flail (weapon)
 o - a +2 falchion of slicing
Armour
 b - a +0 scale mail (worn)
 c - a +0 shield (worn)
 h - a +0 pair of boots (worn)
 p - a +3 chain mail
Jewellery
 i - an uncursed amulet of magic regeneration {unknown}
 l - a ring of stealth (left hand)
Scrolls
 g - 2 scrolls of enchant weapon
 j - 3 scrolls of remove curse
 k - a scroll of amnesia
 m - a scroll of identify
 n - 3 scrolls of teleportation
Potions
 e - a potion of curing {unknown}
 q - a potion of flight
Comestibles
 f - 3 rations


   Skills:
 + Level 4.1 Fighting
 + Level 3.1 Maces & Flails
 * Level 5.0 Armour
 + Level 2.5 Stealth
 - Level 3.2 Shields


You had 4 spell levels left.
You didn't know any spells.
Your spell library was empty.

Dungeon Overview and Level Annotations

Branches:
Dungeon (3/15)

Altars:

Annotations:
D:3 Natasha


Innate Abilities, Weirdness & Mutations

You are resistant to torment.
Your stone body is resilient. (AC +4)
You are immune to poison.
You resist negative energy. (rN+)
You are resistant to electric shocks. (rElec)
You can survive without breathing.
You are immune to petrification.
You are immune to rotting.


Message History

You are too injured to fight recklessly!
You are too injured to fight recklessly!
You are too injured to fight recklessly!
You are too injured to fight recklessly!
You are too injured to fight recklessly!
The orc hits you but does no damage.
Natasha mumbles some strange words.
Natasha's front paws start to glow.
There is an open door here.
You block the orc warrior's attack.
Natasha mumbles some strange words.
You feel very mighty all of a sudden.
The orc warrior hits you but does no damage.
As you read the scroll labeled SOSUOX KOES, it crumbles to dust.
It is a scroll of enchant weapon.
Your +0 flail glows red for a moment.
The iron imp disappears in a puff of smoke!
The orc warrior hits you with a short sword of protection!
Ouch! That really hurt!
You die...

#..#........#,*
#..#........#.#
#..#........#.##
#..#........#..#
#55#........#..#
#..#........#..#
#..#........#..###
#.§##5#######....#
#..h.oo@.........#
#.###########....#######
#.......................
#######.#####........... #.#
#........... #.# ###.........
############.#######[).......
#.............<......########
####.#######>................


You could see an orc warrior, Natasha, a white imp and an orc.

Vanquished Creatures
  An orc wizard (D:3)
  Terence (D:3)
  5 adders (D:2)
  An ooze (D:1)
  2 dart slugs
  4 leopard geckos
  6 orcs (D:3)
  5 bats
  5 giant cockroaches
  10 goblins
  5 hobgoblins
  7 jackals
  2 ball pythons
  2 frilled lizards (D:2)
  12 kobolds
  6 rats
74 creatures vanquished.

Notes
Turn   | Place    | Note
-------+----------+-------------------------------------------
     0 | D:1      | Lew the Gargoyle Fighter began the quest for the Orb.
     0 | D:1      | Reached XP level 1. HP: 14/14 MP: 1/1
   240 | D:1      | Reached XP level 2. HP: 19/19 MP: 2/2
   256 | D:1      | You fall through a shaft!
   276 | D:2      | Reached skill level 1 in Stealth
   298 | D:2      | Reached XP level 3. HP: 13/23 MP: 3/3
   624 | D:2      | Reached skill level 4 in Armour
   780 | D:2      | Reached XP level 4. HP: 12/29 MP: 4/4
  2291 | D:3      | Reached XP level 5. HP: 30/33 MP: 5/5
  2945 | D:3      | Noticed Terence
  2958 | D:3      | Killed Terence
  2958 | D:3      | Reached skill level 5 in Armour
  3045 | D:3      | Noticed an orc warrior
  3047 | D:3      | Noticed Natasha
  3066 | D:3      | Slain by an orc warrior

Skill      XL: |  1  2  3  4  5 |
---------------+----------------+-----
Stealth        | 1 2 |  2.5
Armour         | 4 5 |  5.0
Fighting       | 4 |  4.1
Maces & Flails | 3 |  3.1
Shields        | |  3.2

Action                   |  1- 3 |  4- 6 || total
-------------------------+-------+-------++-------
Melee: Flail             |   168 |   235 ||   403
  Use: Scroll            |       |     8 ||     8
       Potion            |       |     4 ||     4
  Eat: Chunk             |       |     7 ||     7
Armor: Scale mail        |   128 |   200 ||   328
Dodge: Dodged            |    96 |   115 ||   211
Block: Shield            |   115 |   187 ||   302
